Map: 机械城 - 天梯版

Players

Serral - Winner!

  • Race: Zerg Zerg

Dark

  • Race: Zerg Zerg
  • League: Gold

Event: WESG 2018 Grand Finals

VOD

Have the link to the VOD?

Description

Time

  • Played on: March 14, 2019, 4:53 a.m.
  • Length: 14:20

All games in this series

Show
View Real Time Build Order
Export as new Build Order

Serral Zerg - Winner!

Build Orders: Hatch First, Zergling Baneling 

Get SALT Encoding   

  12  0:00  Drone  
  13  0:13  Overlord  
  13  0:18  Drone  
  14  0:31  Drone x2  
  16  0:49  Hatchery  
  15  0:53  Drone  
  15  0:56  Drone  
  17  0:59  Drone  
  18  1:11  Extractor  
  17  1:15  Spawning Pool  
  17  1:18  Drone  
  17  1:22  Drone  
  18  1:28  Drone  
  19  1:39  Drone  
  20  1:49  Drone  
  21  2:00  Overlord  
  21  2:01  Queen x2  
  21  2:02  Zergling x2  
  26  2:11  Metabolic Boost  
  26  2:12  Drone  
  26  2:15  Drone  
  28  2:23  Drone x2  
  30  2:37  Hatchery  
  30  2:40  Zergling x2  
  30  2:42  Zergling x2  
  31  2:46  Drone  
  32  2:51  Baneling Nest  
  32  2:54  Overlord  
  32  2:57  Drone  
  32  2:59  Drone  
  32  3:05  Drone x2  
  35  3:10  Drone  
  36  3:14  Drone x3  
  39  3:21  Zergling x4  
  39  3:22  Drone x2  
  43  3:32  Overlord  
  44  3:34  Zergling x2  
  44  3:35  Baneling  
  44  3:39  Evolution Chamber  
  44  3:40  Roach Warren, Baneling  
  44  3:41  Baneling  
  42  3:45  Zergling x4  
  44  3:49  Drone x2, Extractor  
  44  3:54  Queen  
  48  3:57  Zergling x2  
  48  3:59  Baneling  
  48  4:00  Drone  
  51  4:08  Drone x5  
  56  4:13  Baneling  
  54  4:17  Extractor x2  
  54  4:18  Zergling x4  
  54  4:19  Drone x2  
  54  4:20  Drone x2  
  54  4:22  Overlord  
  58  4:27  Evolution Chamber  
  58  4:29  Overlord  
  57  4:35  Baneling  
  57  4:37  Baneling x2  
  57  4:42  Overlord  
  57  4:50  Roach x3  
  57  4:52  Roach x3  
  65  4:54  Roach  
  65  4:55  Roach  
  65  4:56  Roach  
  70  5:00  Zergling x4  
  70  5:06  Roach x2  
  76  5:12  Overlord  
  76  5:13  Roach  
  78  5:16  Roach x2  
  78  5:18  Overlord  
  81  5:29  Overlord  
  81  5:30  Zergling x2  
  81  5:31  Zergling x8  
  81  5:34  Zergling x6  
  89  5:40  Zergling x4  
  89  5:41  Zergling x4  
  90  5:49  Zergling x2  
  95  5:50  Zergling x8  
  92  6:03  Ravager, Zergling x14  
  98  6:15  Zergling x16  
  98  6:18  Ravager  
  103  6:20  Zerg Missile Weapons Level 1  
  98  6:27  Zergling x6  
  94  6:33  Lair  
  94  6:35  Drone x3  
  94  6:36  Drone x2  
  92  6:43  Drone x5  
  94  6:47  Drone  
  94  6:48  Drone  
  96  6:55  Evolution Chamber  
  96  6:57  Ravager x2  
  96  6:58  Ravager  
  96  6:59  Drone x2  
  96  7:00  Extractor  
  99  7:03  Roach x3  
  104  7:16  Overlord x2  
  104  7:17  Overlord  
  104  7:19  Overlord  
  104  7:20  Overlord, Extractor  
  103  7:24  Zerg Ground Armor Level 1  
  103  7:29  Drone  
  105  7:30  Drone  
  105  7:34  Glial Reconstitution  
  105  7:35  Overseer  
  106  7:37  Drone x4  
  106  7:38  Roach  
  106  7:39  Roach x3  
  106  7:42  Roach  
  106  7:43  Roach  
  121  7:53  Drone  
  121  7:54  Drone x3  
  121  7:55  Roach x3  
  131  8:00  Overseer  
  131  8:01  Overlord x2  
  131  8:05  Roach x2  
  135  8:07  Roach  
  137  8:14  Pneumatized Carapace  
  137  8:16  Roach x3  
  143  8:22  Roach x4  
  151  8:27  Overlord  
  151  8:31  Roach x4  
  159  8:34  Zerg Missile Weapons Level 2  
  159  8:38  Overlord  
  159  8:39  Overlord  
  159  8:44  Extractor  
  158  8:55  Hatchery  
  157  8:57  Roach x5  
  157  9:00  Overseer  
  167  9:07  Overlord x4  
  167  9:13  Roach x2  
  171  9:23  Roach x3  
  177  9:27  Roach x5  
  187  9:32  Hydralisk Den, Spore Crawler  
  187  9:35  Spore Crawler x2  
  183  9:45  Spore Crawler, Drone  
  178  9:46  Drone  
  178  9:47  Drone  
  178  9:48  Overlord  
  179  9:56  Overlord, Zerg Ground Armor Level 2  
  179  10:08  Hydralisk  
  179  10:09  Grooved Spines, Hydralisk x3  
  187  10:19  Hydralisk x4  
  195  10:28  Hydralisk x3  
  198  11:10  Roach  
  190  11:13  Roach x10  
  190  11:16  Hydralisk x4  
  190  11:17  Hydralisk  
  193  11:20  Muscular Augments  
  193  11:23  Hydralisk  
  192  11:28  Ravager  
  193  11:37  Hatchery  
  193  11:38  Ravager x2  
  193  11:39  Ravager  
  193  11:40  Overlord  
  192  11:51  Roach x8  
  192  11:56  Roach x6  
  176  12:01  Roach x2  
  155  12:13  Roach x4  
  161  12:22  Roach  
  161  12:23  Roach x3  
  161  12:24  Ravager x3  
  161  12:29  Roach x3  
  167  12:36  Roach x3  
  173  12:37  Ravager  
  173  12:38  Ravager  
  173  12:40  Ravager  
  176  12:44  Roach  
  176  12:45  Roach  
  180  12:52  Roach x3  
  184  13:05  Roach x6  
  192  13:10  Roach x2  
  186  13:18  Roach x4  
  186  13:23  Roach x2  
  174  13:28  Roach x3  
  168  13:37  Ravager  
  168  13:38  Roach x4  
  175  13:44  Roach x3  
  169  13:51  Roach x4  
  164  13:56  Roach x2  
  168  14:06  Ravager  
Show
View Real Time Build Order
Export as new Build Order

Dark Zerg 

Build Orders: Hatch First, Muta Ling Bane, Zergling Baneling 

Get SALT Encoding   

  12  0:00  Drone  
  13  0:13  Overlord  
  13  0:18  Drone  
  14  0:31  Drone  
  14  0:32  Drone  
  16  0:36  Drone  
  17  0:53  Hatchery  
  17  0:56  Drone  
  17  1:00  Drone  
  18  1:11  Extractor  
  18  1:14  Spawning Pool  
  18  1:16  Drone  
  17  1:20  Drone  
  18  1:29  Drone  
  19  1:41  Drone  
  20  1:52  Overlord  
  20  2:02  Queen  
  20  2:04  Queen  
  20  2:06  Zergling x2  
  20  2:07  Drone  
  26  2:10  Metabolic Boost  
  26  2:13  Drone  
  27  2:17  Drone  
  28  2:24  Drone  
  28  2:27  Drone  
  30  2:38  Drone  
  30  2:42  Hatchery  
  30  2:46  Drone  
  30  2:51  Baneling Nest, Drone  
  32  2:58  Overlord  
  31  3:02  Zergling x2  
  31  3:03  Drone  
  33  3:14  Zergling x6  
  33  3:16  Zergling x6  
  33  3:17  Zergling x2  
  40  3:23  Zergling x4  
  40  3:25  Zergling x2  
  43  3:33  Overlord  
  43  3:35  Drone  
  43  3:41  Baneling x2  
  44  3:46  Baneling x2  
  44  3:50  Queen  
  44  3:52  Drone x4  
  44  3:54  Zergling x2  
  51  3:56  Drone  
  52  4:09  Drone  
  51  4:11  Drone  
  51  4:15  Drone x2  
  51  4:16  Drone x2  
  54  4:18  Baneling x2  
  54  4:20  Baneling x2  
  54  4:22  Drone x2  
  56  4:24  Drone x2  
  56  4:29  Extractor  
  56  4:30  Zergling x2, Extractor  
  56  4:31  Overlord x2  
  57  4:34  Drone  
  58  4:41  Overlord  
  58  4:52  Drone x2  
  58  4:57  Zergling x8  
  58  4:58  Zergling x2, Baneling x2  
  58  4:59  Roach Warren  
  61  5:00  Drone x3  
  61  5:04  Drone  
  61  5:06  Evolution Chamber, Baneling  
  61  5:07  Baneling, Drone  
  64  5:08  Baneling x2  
  64  5:13  Overlord  
  65  5:15  Overlord  
  63  5:31  Spine Crawler  
  62  5:40  Roach x9  
  80  5:43  Roach  
  80  5:44  Roach  
  80  5:47  Roach x2  
  88  5:50  Zergling x2  
  88  5:54  Zerg Missile Weapons Level 1  
  88  5:55  Roach  
  91  5:57  Roach  
  92  6:04  Roach x3  
  96  6:12  Roach  
  96  6:13  Overlord x2  
  95  6:22  Zergling x2  
  95  6:23  Zergling x6  
  95  6:27  Roach  
  95  6:28  Roach  
  95  6:30  Roach x2  
  95  6:31  Roach x2  
  95  6:32  Zergling x2  
  95  6:37  Roach x2  
  97  6:42  Drone  
  97  6:43  Drone  
  97  6:44  Drone x2  
  97  6:48  Lair  
  97  6:51  Drone x2  
  99  6:54  Baneling x3  
  99  6:58  Drone x2  
  99  6:59  Drone  
  102  7:05  Queen  
  102  7:07  Drone x2  
  106  7:09  Drone  
  107  7:18  Overlord  
  107  7:20  Overlord  
  107  7:22  Overlord  
  107  7:24  Overlord  
  107  7:27  Extractor x2  
  107  7:28  Overlord  
  107  7:29  Extractor  
  104  7:33  Drone  
  104  7:34  Drone  
  106  7:40  Drone  
  106  7:41  Drone x5  
  106  7:43  Drone  
  113  7:45  Drone  
  113  7:46  Drone x3  
  113  7:49  Drone x2  
  113  7:50  Spire  
  118  7:52  Drone x2  
  118  7:54  Overseer  
  120  7:59  Zerg Missile Weapons Level 2, Glial Reconstitution  
  120  8:02  Overlord  
  120  8:07  Roach x3  
  120  8:10  Roach  
  128  8:15  Overlord  
  128  8:17  Roach  
  130  8:24  Overlord x3  
  130  8:32  Hatchery  
  129  8:38  Roach x4  
  137  8:42  Overlord x3  
  137  9:02  Mutalisk x8  
  153  9:11  Centrifical Hooks  
  153  9:23  Roach x9  
  170  9:30  Drone  
  170  9:31  Drone x2  
  173  9:33  Extractor  
  173  9:35  Extractor  
  171  9:40  Roach x3  
  175  9:51  Zergling x12  
  181  9:56  Zergling x2  
  181  9:57  Zergling x10  
  187  10:00  Zergling x2  
  188  10:07  Zergling x2  
  188  10:08  Zergling x6  
  192  10:15  Overlord  
  192  10:19  Zerg Ground Armor Level 1  
  192  10:28  Overlord  
  190  10:33  Roach  
  190  10:34  Roach x2  
  190  10:35  Baneling x18  
  196  10:36  Baneling x17  
  196  10:37  Roach x2  
  199  11:10  Roach x2  
  179  11:14  Roach x8  
  179  11:16  Roach x2  
  179  11:17  Roach x3  
  162  11:19  Roach  
  162  11:20  Roach x2  
  165  11:25  Roach  
  165  11:26  Roach  
  165  11:29  Roach x4  
  165  11:31  Roach x2  
  173  11:36  Roach x2  
  173  11:37  Ravager x4  
  173  11:38  Roach  
  173  11:39  Roach  
  185  11:40  Roach  
  187  11:50  Roach x3  
  187  11:52  Roach  
  185  11:54  Roach  
  185  11:59  Roach  
  158  12:05  Roach x2  
  158  12:08  Roach  
  153  12:10  Roach  
  153  12:14  Roach  
  143  12:19  Roach  
  143  12:25  Ravager x4  
  143  12:29  Drone x3  
  150  12:30  Drone  
  150  12:32  Ravager x3  
  150  12:33  Ravager  
  150  12:35  Ravager x2  
  156  12:39  Roach x2  
  156  12:43  Overseer  
  160  12:44  Drone x2  
  160  12:48  Roach x2  
  166  12:52  Roach  
  166  12:58  Roach x2  
  166  12:59  Roach  
  172  13:09  Roach x6  
  164  13:18  Roach x4  
  151  13:21  Roach x2  
  138  13:27  Roach x3  
  138  13:33  Roach x2  
  137  13:37  Roach  
  137  13:38  Zergling x6  
  130  13:43  Roach x2  
  120  13:51  Roach  
  120  13:55  Roach  
Tags
 
Add a new tag
Caveats
  • Supply blocks, unpowered buildings, or Contaminate may cause inaccurate times.
  • Supply counts are checked every 10 seconds.